Map: Backwater LE

Players

Spazymazy

  • Race: Zerg Zerg
  • Spawn Location: 11:00

DeMusliM - Winner!

  • Race: Terran Terran
  • Spawn Location: 5:00

Event: WCS Leipzig 2018

VOD

Have the link to the VOD?

Description

Time

  • Played on: Jan. 26, 2018, 9:51 a.m.
  • Length: 8:14

All games in this series

Show
View Real Time Build Order
Export as new Build Order

Spazymazy Zerg 

Build Orders: Hatch First 

Get SALT Encoding   

  12  0:00  Drone  
  13  0:07  Drone  
  14  0:16  Overlord  
  14  0:25  Drone, Extractor  
  15  0:35  Drone x2  
  17  0:53  Hatchery  
  17  0:56  Drone  
  17  1:01  Drone  
  18  1:14  Spawning Pool  
  18  1:15  Extractor  
  18  1:18  Drone  
  17  1:22  Drone  
  18  1:26  Drone  
  19  1:37  Overlord  
  19  1:48  Drone  
  20  2:00  Queen  
  22  2:02  Zergling x2  
  22  2:04  Queen  
  22  2:05  Zergling x2  
  26  2:09  Drone  
  27  2:16  Metabolic Boost  
  27  2:17  Drone  
  27  2:21  Drone  
  29  2:27  Overlord  
  29  2:32  Drone  
  29  2:36  Queen  
  31  2:38  Drone  
  31  2:43  Queen  
  33  2:46  Drone  
  33  2:49  Drone  
  35  2:52  Zergling x2  
  36  3:06  Drone  
  36  3:07  Drone  
  36  3:09  Hatchery  
  36  3:10  Drone  
  38  3:13  Drone x2  
  38  3:17  Spore Crawler  
  39  3:23  Queen  
  41  3:28  Overlord  
  41  3:29  Drone  
  41  3:30  Drone  
  41  3:32  Drone  
  44  3:38  Overlord  
  43  3:43  Extractor  
  43  3:46  Extractor  
  43  3:47  Drone x2  
  43  3:48  Drone  
  44  3:49  Drone x3  
  47  3:56  Spore Crawler  
  47  3:59  Drone x5  
  52  4:10  Overlord, Evolution Chamber x2  
  52  4:11  Zergling x2  
  51  4:17  Lair  
  51  4:20  Overlord  
  51  4:30  Drone x3  
  54  4:34  Drone  
  54  4:36  Zerg Melee Weapons Level 1  
  55  4:41  Drone x5  
  55  4:42  Drone  
  61  4:49  Zerg Ground Armor Level 1  
  61  4:50  Drone x3  
  64  4:54  Overlord  
  64  4:59  Baneling Nest  
  63  5:04  Zergling x6  
  63  5:05  Zergling x6  
  69  5:10  Overlord  
  69  5:11  Zergling x4  
  71  5:15  Extractor  
  71  5:19  Drone x2  
  71  5:20  Drone, Spire  
  72  5:24  Zergling x6  
  75  5:30  Overlord x2  
  75  5:32  Zergling x4, Extractor  
  73  5:43  Queen  
  73  5:44  Overlord x2  
  74  5:54  Drone x2, Overlord x2  
  74  5:55  Zergling x6  
  74  5:56  Zergling x4  
  81  6:06  Overlord  
  81  6:13  Baneling x4  
  81  6:14  Baneling x4, Zergling x2  
  81  6:15  Zergling x10  
  87  6:26  Zergling x6  
  87  6:27  Zergling x6  
  85  6:34  Mutalisk x4  
  85  6:35  Mutalisk  
  85  6:39  Mutalisk  
  96  6:44  Zergling x2  
  96  6:46  Mutalisk  
  97  6:52  Queen  
  101  6:57  Drone  
  101  6:58  Drone x5  
  101  7:00  Baneling x3  
  101  7:01  Baneling  
  105  7:03  Baneling x4  
  105  7:07  Overlord  
  105  7:11  Drone  
  105  7:12  Drone  
  105  7:14  Baneling  
  107  7:17  Zergling x2  
  107  7:18  Zergling x4  
  110  7:28  Queen  
  106  7:33  Zergling x2  
  106  7:34  Zergling x18  
  113  7:42  Zergling x4  
  108  7:50  Zergling x8  
  108  7:51  Zergling x2  
  92  7:53  Zergling x2  
  92  7:56  Zergling x2  
Show
View Real Time Build Order
Export as new Build Order

DeMusliM Terran - Winner!

Build Orders: Hellion Opening, Reaper Expand, MMM Bio 

Get SALT Encoding   

  12  0:00  SCV  
  13  0:13  SCV  
  14  0:17  Supply Depot  
  14  0:25  SCV  
  15  0:38  SCV  
  15  0:39  Barracks  
  16  0:43  Refinery  
  16  0:50  SCV  
  17  1:02  SCV  
  18  1:14  SCV  
  19  1:26  Orbital Command, Reaper  
  20  1:40  Command Center  
  20  1:48  Supply Depot  
  20  1:52  SCV  
  21  1:57  Marine  
  22  2:04  SCV  
  23  2:10  Refinery  
  23  2:12  Factory  
  23  2:16  SCV  
  23  2:20  Barracks Reactor  
  24  2:28  SCV  
  25  2:40  SCV  
  26  2:52  Orbital Command  
  26  2:53  SCV  
  26  2:58  Starport  
  27  3:02  Hellion x2  
  27  3:05  SCV  
  32  3:06  Barracks Tech Lab  
  32  3:17  SCV  
  33  3:23  Hellion x2  
  33  3:24  Marine  
  33  3:26  SCV  
  39  3:29  SCV  
  39  3:32  Supply Depot  
  40  3:38  SCV  
  40  3:39  Viking  
  44  3:41  SCV, Stimpack  
  44  3:42  Marine  
  45  3:50  SCV  
  45  3:53  SCV  
  47  3:56  Supply Depot  
  47  3:58  Hellion x2  
  51  4:05  SCV  
  51  4:06  SCV  
  53  4:14  Bunker  
  53  4:20  SCV x2, Supply Depot  
  55  4:25  Barracks  
  55  4:26  Barracks  
  55  4:29  Factory Reactor  
  55  4:32  SCV x2  
  55  4:34  Starport Reactor  
  55  4:37  Refinery  
  57  4:41  Marine  
  57  4:45  Engineering Bay  
  58  4:48  SCV  
  58  4:52  SCV  
  60  4:55  Supply Depot  
  60  4:58  Marine  
  61  5:00  SCV  
  61  5:05  Barracks  
  61  5:06  Barracks  
  62  5:10  SCV  
  62  5:13  SCV  
  64  5:15  Terran Infantry Weapons Level 1, Marine x2  
  64  5:16  Factory Tech Lab, Marine  
  67  5:21  Medivac x2  
  67  5:22  Marine  
  67  5:23  Marine  
  73  5:30  Supply Depot x2  
  73  5:36  Marine x3  
  73  5:41  SCV x2  
  78  5:47  Marine x2  
  80  5:52  Medivac x2, Siege Tank  
  80  5:53  Marine  
  80  5:54  Marine, Barracks Reactor x2  
  89  6:01  Marine  
  89  6:03  Armory  
  90  6:05  Marine x2  
  90  6:09  Supply Depot  
  92  6:11  Marine x2  
  94  6:19  Marine  
  94  6:23  Marine x2  
  94  6:24  Siege Tank  
  98  6:29  Marine x2  
  97  6:35  Marine x2  
  97  6:36  Marine x3  
  97  6:38  Medivac x2  
  94  6:41  Marine x2  
  96  6:47  Marine x2  
  96  6:53  Marine x2  
  100  6:54  Marine x3  
  100  6:55  Combat Shields  
  100  6:58  Marine x2  
  105  7:05  Marine x2, Siege Tank  
  110  7:18  Supply Depot  
  110  7:19  Supply Depot, Marine x5  
  110  7:20  Marine x2  
  117  7:23  Marine  
  117  7:28  Marine  
  115  7:37  Marine x3  
  115  7:40  Marine x4  
  121  7:45  Marine  
  121  7:47  Marine  
  112  7:55  Marine x3  
Tags
 
Add a new tag
Caveats
  • Supply blocks, unpowered buildings, or Contaminate may cause inaccurate times.
  • Supply counts are checked every 10 seconds.